 Dungeon Crawl Stone Soup version 0.28.0-1-gb440e238dd (webtiles) character file.

Game seed: 3641552504180748814

210 pkoi the Ruffian (level 5, -26/41 HPs)
             Began as a Draconian Warper on Feb 24, 2022.
             Annihilated by an ogre (29 damage)
             ... on level 4 of the Dungeon.
             The game lasted 00:04:19 (5127 turns).

pkoi the Ruffian (Draconian Warper)                 Turns: 5127, Time: 00:04:20

Health: -26/41     AC:  5    Str: 19    XL:     5   Next: 56%
Magic:  7/8        EV: 12    Int: 16    God:
Gold:   178        SH:  0    Dex: 10    Spells: 4/9 levels left

rFire   . . .      SeeInvis .   f - +2 whip (freeze)
rCold   + . .      Faith    .   (no shield)
rNeg    . . .      Spirit   .   (armour unavailable)
rPois   .          Reflect  .   (helmet restricted)
rElec   .          Harm     .   (no cloak)
rCorr   .          Rampage  .   (no gloves)
Will    .....                   (no boots)
Stlth   +.........              (no amulet)
HPRegen 0.13/turn               h - ring of protection from cold
MPRegen 0.11/turn               j - +6 ring of strength

@: no status effects
A: AC +5, unfitting armour, cold-blooded
a: no special abilities


You were on level 4 of the Dungeon.
You visited 1 branch of the dungeon, and saw 5 of its levels.

You collected 178 gold pieces.

Inventory:

Hand Weapons
 c - a +0 vorpal dagger
 f - a +2 whip of freezing (weapon)
 k - a +2 spear of freezing
Missiles
 b - 5 boomerangs of dispersal (quivered)
Jewellery
 d - a ring of resist corrosion
 h - a ring of protection from cold (left hand)
 j - a +6 ring of strength (right hand)
Scrolls
 a - a scroll of blinking
 e - a scroll of identify


   Skills:
 - Level 2.1 Fighting
 - Level 0.8 Throwing
 - Level 2.1 Dodging
 + Level 5.2 Unarmed Combat
 + Level 2.5 Spellcasting
 + Level 3.5 Translocations


You had 4 spell levels left.
You knew the following spells:

 Your Spells              Type           Power      Damage    Failure   Level
a - Blink                 Tloc           26%        N/A       7%          2
b - Gell's Gravitas       Tloc           13%        N/A       14%         3

Your spell library contained the following spells:

 Spells                   Type           Power      Damage    Failure   Level
 Lesser Beckoning         Tloc           13%        N/A       14%         3
 Teleport Other           Tloc           13%        N/A       14%         3
 Sandblast                Erth           4%         2d4       21%         1
 Passwall                 Tmut/Erth      1%         N/A       30%         2
 Stone Arrow              Conj/Erth      4%         3d7       52%         3
 Manifold Assault         Tloc           13%        N/A       78%         5


Dungeon Overview and Level Annotations

Branches:
Dungeon (5/15)
 Temple: D:4-7

Altars:

Annotations:
D:5 Grinder


Innate Abilities, Weirdness & Mutations

Your plain brown scales are hard. (AC +5)
You cannot fit into any form of body armour.
You are cold-blooded and may be slowed by cold attacks.


Message History

No target in view!
No target in view!
No target in view!
Things that are here:
a +0 club; a goblin corpse You now have 178 gold pieces (gained 11).
An ogre comes into view. It is wielding a +0 giant club.
The ogre shouts!
An ogre is nearby!
Things that are here:
a +0 dagger; a +0 robe You aren't carrying any items that you can evoke.
You aren't carrying any potions.
Unknown command.
You barely miss the ogre.
The ogre hits you with a +0 giant club!!
* * * LOW HITPOINT WARNING * * *
You whack the ogre! You freeze the ogre.
The ogre is moderately wounded.
The ogre hits you with a +0 giant club!!
Ouch! That really hurt!
* * * LOW HITPOINT WARNING * * *
Casting: Blink (safe; 7% risk of failure)
Confirm with . or Enter, or press ? or * to list all spells.
You blink.
Things that are here:
a +0 dagger; an orc skeleton You see here an orc skeleton.
You feel stable enough to blink again.
There is a stone staircase leading down here.
You climb downwards.
Grinder shouts!
The ogre shouts! x2
Found a dagger.
There is a stone staircase leading up here.
Okay, then.
Unknown command.
You climb upwards.
The ogre hits you with a +0 giant club!!
Ouch! That really hurt!
You die...

#...............#
##.............##
###...........#
##..........# ####
###...)[...# ...###
####.รท...# .....###
###...# .......###
##....#
.........####...@.#
..........#......O##
...................#
..........##.......#
.......######.....##
.....### ####....)#
...### ###........#
...# ###.......#.##
....###.........###


You could see an ogre.

Vanquished Creatures
  An orc priest (D:2)
  Jessica (D:2)
  An orc wizard (D:4)
  6 adders
  A worm (D:3)
  2 dart slugs
  6 orcs
  6 bats
  7 endoplasms
  3 giant cockroaches
  3 goblins
  5 hobgoblins
  6 kobolds
  A quokka (D:1)
  9 ball pythons
  2 frilled lizards
  5 rats (D:1)
65 creatures vanquished.

Notes
Turn   | Place    | Note
-------+----------+-------------------------------------------
     0 | D:1      | pkoi the Draconian Warper began the quest for the Orb.
     0 | D:1      | Reached XP level 1. HP: 17/17 MP: 3/3
   585 | D:1      | Reached XP level 2. HP: 22/24 MP: 5/5
   678 | D:1      | Reached skill level 3 in Unarmed Combat
  1238 | D:1      | Learned a level 2 spell: Blink
  1273 | D:1      | Noticed a golden eye
  1274 | D:1      | Found a faded altar of an unknown god.
  1279 | D:1      | Noticed a great orb of eyes
  1279 | D:1      | Noticed an eye of devastation
  1279 | D:1      | Noticed a great orb of eyes
  1818 | D:1      | Reached XP level 3. HP: 27/29 MP: 6/6
  2412 | D:2      | Reached skill level 4 in Unarmed Combat
  2678 | D:2      | Reached XP level 4. HP: 13/36 MP: 7/7
  3228 | D:2      | Noticed Jessica
  3235 | D:2      | Killed Jessica
  3306 | D:2      | Learned a level 3 spell: Gell's Gravitas
  3760 | D:3      | Reached skill level 5 in Unarmed Combat
  3993 | D:3      | Reached XP level 5. HP: 36/41 MP: 8/8
  5094 | D:4      | Noticed an ogre
  5117 | D:4      | HP: 1/41 [ogre (22)]
  5125 | D:5      | Entered Level 5 of the Dungeon
  5125 | D:5      | Noticed Grinder
  5125 | D:5      | Noticed an ogre
  5125 | D:5      | Noticed an ogre
  5127 | D:4      | Annihilated by an ogre

Illustrated notes

Levels and vault maps discovered:
D:1:      heliophobic_arrival_dark_side_of_the_moon, layout_loops_corners,
          hellmonk_ecumenical_altar_watching_god
D:2:      layout_basic, uniq_jessica
D:3:      layout_loops_ring
D:4:      wad_crossroads, layout_cave_pods,
          minmay_temple_entry_drinking_statues, kennysheep_cross_bottleneck
D:5:      layout_loops_ring, amcnicky_mini_pool_medium, uniq_grinder

Skill      XL: |  1  2  3  4 |
---------------+-------------+-----
Unarmed Combat | 3 4 5 |  5.2
Fighting       | |  2.1
Throwing       | |  0.8
Dodging        | |  2.1
Spellcasting   | |  2.5
Translocations | |  3.5

Action                   |  1- 3 |  4- 6 || total
-------------------------+-------+-------++-------
Melee: Dagger            |   119 |       ||   119
       Unarmed           |    14 |       ||    14
       Tailslap          |    18 |     8 ||    26
       Punch             |     6 |       ||     6
       Spear             |    22 |    84 ||   106
       Whip              |       |     5 ||     5
 Cast: Blink             |       |     2 ||     2
  Use: Scroll            |       |     5 ||     5
 Stab: Sleeping          |     3 |       ||     3
Armor: Skin              |    62 |    19 ||    81
Dodge: Dodged            |    92 |    35 ||   127
